 Dungeon Crawl Stone Soup version 0.22-a0-402-ga933591 (webtiles) character file.

83 GameOver the Sneak (level 4, -2/36 HPs)
             Began as a Naga Wizard on May 6, 2018.
             Engulfed by a cloud of flame (38 damage)
             ... on level 2 of the Dungeon.
             The game lasted 00:04:54 (1436 turns).

GameOver the Sneak (Naga Wizard)                    Turns: 1436, Time: 00:04:55

Health: -2/36      AC:  2    Str:  9    XL:     4   Next: 44%
Magic:  8/8        EV: 10    Int: 20    God:
Gold:   151        SH:  0    Dex:  9    Spells: 3/9 levels left

rFire    . . .     SeeInvis +   f - +0 short sword
rCold    . . .     Gourm    .   (no shield)
rNeg     . . .     Faith    .   a - +0 robe
rPois    +         Spirit   .   b - +0 hat
rElec    .         Reflect  .   (no cloak)
rCorr    .         Harm     .   (no gloves)
MR       .....                  (no barding)
Stlth    +++.......             (no amulet)
HPRegen  0.12/turn              (no ring)
MPRegen  0.11/turn              (no ring)

@: very slow
A: large, see invisible, deformed body, poison resistance, slowness 2, slow
metabolism 1, spit poison 1, AC +1
a: Spit Poison


You were on level 2 of the Dungeon.
You were hungry.

You visited 1 branch of the dungeon, and saw 2 of its levels.

You collected 151 gold pieces.

Inventory:

Hand Weapons
 f - a +0 short sword (weapon)
Missiles
 g - 61 arrows
 j - 10 bolts
Armour
 a - a +0 robe (worn)
 b - a +0 hat (worn)
Scrolls
 m - a scroll of amnesia {unknown}
Potions
 e - a potion of curing {unknown}
 h - a potion of ambrosia {unknown}
 i - a potion of haste {unknown}
 k - a potion of heal wounds {unknown}
 l - a potion of might {unknown}
Comestibles
 d - 7 rations


   Skills:
 - Level 1.5 Dodging
 - Level 5.0 Stealth
 - Level 3.0 Spellcasting
 + Level 2.7 Conjurations
   Level 1.0 Summonings
 - Level 1.0 Translocations
 + Level 2.1 Poison Magic


You had 3 spell levels left.
You knew the following spells:

 Your Spells              Type           Power        Failure   Level  Hunger
a - Magic Dart            Conj           ##..         4%          1    None
b - Blink                 Tloc           N/A          14%         2    ##.....
s - Mephitic Cloud        Conj/Pois/Air  #.......     22%         3    ###....


Dungeon Overview and Level Annotations

Branches:
Dungeon (2/15)

Altars:
Yredelemnul


Innate Abilities, Weirdness & Mutations

You cannot wear boots.
Your serpentine skin is tough. (AC +1)
You have supernaturally acute eyesight. (SInv)
Armour fits poorly on your strangely shaped body.
Your system is resistant to poisons. (rPois)
You cover ground very slowly.
You have a slow metabolism.
You can spit poison.


Message History

There is an open door here.
HP restored.
You open the door.
There is an open door here.
There is a stone staircase leading up here.
d - 7 rations (gained 1) All of the chunks of flesh in your inventory have rotted away.
There is a stone staircase leading up here.
There is an open door here.
There is an open door here.
You see here a scroll of noise.
You are feeling hungry.
There is an open door here.
There is an open door here.
There is a stone staircase leading up here.
Partly explored, can't reach some places.
Really slither into a travel-excluded area?
You are engulfed in blazing flames.
Ouch! That really hurt!
You die...

#.#.....# #§§.# #.#......#
#.#.....#####...#######......#
#.#......§§§..$..§§ #.....^#
#.'......§§§..$..§ #.......
###......§§§..$$. ##......#
#.....#####...# #........
###.### #§§§# #......?. #...#
#§§§# #........ ##### #@§§#
#........ #...# #).......
##.## #........ #.# #........
#.# #........ #.# #########
#.###############
#................
#################


There were no monsters in sight!

Vanquished Creatures
  Jessica (D:2)
  2 adders (D:2)
  A worm (D:2)
  A dart slug (D:1)
  3 leopard geckos (D:1)
  A giant cockroach (D:1)
  5 hobgoblins
  2 bats (D:1)
  2 frilled lizards (D:1)
  5 goblins
  4 kobolds
  7 rats
34 creatures vanquished.

Notes
Turn   | Place    | Note
-------+----------+-------------------------------------------
     0 | D:1      | GameOver the Naga Wizard began the quest for the Orb.
     0 | D:1      | Reached XP level 1. HP: 15/15 MP: 4/4
    82 | D:1      | Reached XP level 2. HP: 22/22 MP: 1/6
   327 | D:1      | Reached skill level 4 in Stealth
   600 | D:1      | Reached XP level 3. HP: 26/28 MP: 0/7
   604 | D:1      | Learned a level 2 spell: Blink
   608 | D:1      | Learned a level 3 spell: Mephitic Cloud
   871 | D:2      | Reached skill level 1 in Poison Magic
   948 | D:2      | Noticed Jessica
   952 | D:2      | Killed Jessica
   952 | D:2      | Reached skill level 5 in Stealth
   952 | D:2      | Reached XP level 4. HP: 36/36 MP: 1/8
  1082 | D:2      | Found a basalt altar of Yredelemnul.
  1436 | D:2      | Engulfed by a cloud of flame

Vault maps used:
D:1:      noname_arrival_rooms_in_the_neighbourhood, minivault_14,
          minmay_split_cup_large
D:2:      yredelemnul_altar_generic, lemuel_flame_loot_1, uniq_jessica

Skill      XL: |  1  2  3  4 |
---------------+-------------+-----
Stealth        | 4 5 |  5.0
Conjurations   | 2 |  2.7
Poison Magic   | 1 2 |  2.1
Dodging        | |  1.5
Spellcasting   | |  3.0
Summonings     | |  1.0
Translocations | |  1.0

Action                   |  1- 3 |  4- 6 || total
-------------------------+-------+-------++-------
 Cast: Magic Dart        |    28 |     8 ||    36
 Abil: Spit Poison       |    25 |     4 ||    29
  Use: Scroll            |     3 |     2 ||     5
  Eat: Chunk             |     1 |     1 ||     2
Armor: Robe              |       |     1 ||     1
Dodge: Dodged            |     7 |     2 ||     9

Table legend:
 A = Spawn XP
 B = Non-spawn XP
 C = Spawn XP percentage of total XP
 D = Spawn monster count
 E = Non-spawn monster count
 F = Spawn count percentage of total count
 G = Total turns spent on level
                    A         B        C        D         E        F      G
               +---------+---------+-------+---------+---------+-------+---------
         Total |       0 |     119 |   0.0 |       0 |      34 |   0.0 |  1436
               +---------+---------+-------+---------+---------+-------+---------
           D:1 |       0 |      39 |   0.0 |       0 |      24 |   0.0 |   823
           D:2 |       0 |      80 |   0.0 |       0 |      10 |   0.0 |   613
               +---------+---------+-------+---------+---------+-------+---------
